 Dungeon Crawl Stone Soup version 0.27.1-33-g824d729ab1 (webtiles) character file.

Game seed: 17325351589302017075

14 SensoryNuts the Cudgeller (level 2, -2/29 HPs)
             Began as a Troll Monk on Dec 6, 2021.
             Succumbed to an adder's poison
             ... on level 2 of the Dungeon.
             The game lasted 00:00:47 (560 turns).

SensoryNuts the Cudgeller (Troll Monk)               Turns: 560, Time: 00:00:47

Health: -2/29      AC:  4    Str: 18    XL:     2   Next: 31%
Magic:  1/1        EV: 10    Int:  6    God:
Gold:   35         SH:  0    Dex: 12    Spells: 1/1 levels left

rFire    + . .     SeeInvis .   a - +0 mace
rCold    + . .     Faith    .   (no shield)
rNeg     . . .     Spirit   .   b - +0 robe
rPois    +         Reflect  .   (helmet restricted)
rElec    +         Harm     .   (no cloak)
rCorr    +         Rampage  .   (gloves unavailable)
Will     .....                  (boots unavailable)
Stlth    ++........             (no amulet)
HPRegen  1.09/turn              (no ring)
MPRegen  0.07/turn              (no ring)

@: lethally poisoned (-2 -> -8), resistant
A: large, unfitting armour, claws 3, regeneration 1, shaggy fur 1, tough skin 1
a: no special abilities


You were on level 2 of the Dungeon.
You visited 1 branch of the dungeon, and saw 2 of its levels.

You collected 35 gold pieces.

Inventory:

Hand Weapons
 a - a +0 mace (weapon)
Armour
 b - a +0 robe (worn)
Scrolls
 d - a scroll of amnesia {unknown}
 g - a scroll of blinking {unknown}
 h - a scroll of silence {unknown}
Potions
 c - a potion of ambrosia {unknown}
 f - a potion of lignification {unknown}


   Skills:
 + Level 2.5 Fighting
 + Level 3.0 Maces & Flails
 + Level 2.7 Dodging
 + Level 1.0 Stealth


You had one spell level left.
You didn't know any spells.
Your spell library contained the following spells:

 Spells                   Type           Power      Damage    Failure   Level
 Inner Flame              Hex/Fire       0%         N/A       83%         3
 Cause Fear               Hex            0%         N/A       99%         4
 Discord                  Hex            0%         N/A       100%        8


Dungeon Overview and Level Annotations

Branches:
Dungeon (2/15)

Altars:


Innate Abilities, Weirdness & Mutations

You are too large for most types of armour.
You have claws for hands.
Your natural rate of healing is unusually fast.
You are covered in fur. (AC +1)
You have tough skin. (AC +1)


Message History

You barely miss the adder.
You feel sick. The endoplasm freezes you.
You are frozen.
The adder bites you.
You are more poisoned.
The adder poisons you!
You barely miss the adder.
You feel very sick. The adder barely misses you. The endoplasm freezes you.
You are frozen.
The adder bites you.
You are more poisoned.
The adder poisons you!
The endoplasm hits you but does no damage.
You hit the adder.
The adder is heavily wounded.
You feel very sick. The adder barely misses you.
The endoplasm closely misses you.
You closely miss the adder.
The adder is heavily wounded.
You feel very sick. The adder bites you but does no damage.
The endoplasm freezes you.
You are frozen.
* * * LOW HITPOINT WARNING * * *
The adder bites you.
* * * LOW HITPOINT WARNING * * *
You are more poisoned.
The adder poisons you!
You hit the adder.
The adder is severely wounded.
You feel very sick. The adder bites you.
* * * LOW HITPOINT WARNING * * *
You are more poisoned.
The adder poisons you! The endoplasm hits you.
* * * LOW HITPOINT WARNING * * *
The adder closely misses you.
It was a potion of resistance.
You feel protected.
You die...

##.#.##......#
#.##.##.####.#####
.............>...#
.....##.####.###.#
#######......##..#
.# #########.## .#
#.# .##
...###.#### ..#
.......S@J.# ..#
...........# .....
.....##.##.# .####
..... #.# .# .#
.... #!# # # ...
#.# ### ... #.


You could see an adder and an endoplasm.

Vanquished Creatures
  A dart slug (D:1)
  A ball python (D:1)
  A bat (D:1)
  2 goblins (D:1)
  A hobgoblin (D:1)
  A quokka (D:1)
  A frilled lizard (D:1)
  2 kobolds (D:1)
  2 rats (D:1)
12 creatures vanquished.

Notes
Turn   | Place    | Note
-------+----------+-------------------------------------------
     0 | D:1      | SensoryNuts the Troll Monk began the quest for the Orb.
     0 | D:1      | Reached XP level 1. HP: 22/22 MP: 0/0
   212 | D:1      | Reached XP level 2. HP: 29/29 MP: 1/1
   433 | D:1      | Reached skill level 3 in Maces & Flails
   559 | D:2      | HP: 1/29 [endoplasm (1)]
   560 | D:2      | Succumbed to an adder's poison

Illustrated notes

Levels and vault maps discovered:
D:1:      elethiomel_arrival_fortress_basement, layout_rooms,
          minmay_misc_feat_cross
D:2:      layout_loops_cross, minmay_increasing_density

Skill      XL: |  1  2 |
---------------+-------+-----
Maces & Flails | 3 |  3.0
Fighting       | |  2.5
Dodging        | |  2.7
Stealth        | |  1.0

Action                   || total
-------------------------++-------
Melee: Mace              ||    41
  Use: Potion            ||     1
 Stab: Sleeping          ||     1
Armor: Robe              ||    16
Dodge: Dodged            ||    21
